 Dungeon Crawl Stone Soup version 0.21-a0-461-g2470eb2 (webtiles) character file.

5308 Dysjunc the Basher (level 10, -1/74 HPs)
             Began as a Demonspawn Fighter on Nov 20, 2017.
             Was a Follower of Trog.
             Slain by a big kobold
             ... wielding a +0 whip
              (3 damage)
             ... on level 10 of the Dungeon.
             The game lasted 00:39:26 (11989 turns).

Dysjunc the Basher (Demonspawn Fighter)            Turns: 11989, Time: 00:39:26

Health: -1/74      AC: 14    Str: 24    XL:     10   Next: 37%
Magic:  11/11      EV:  8    Int: 10    God:    Trog [*.....]
Gold:   501        SH:  5    Dex: 17    Spells: 9/9 levels left

rFire    + . .     SeeInvis +   t - +3 flail (crush)
rCold    . . .     Gourm    .   E - +0 buckler (curse)
rNeg     . . .     Faith    +   e - +0 chain mail
rPois    .         Spirit   .   (helmet restricted)
rElec    .         Reflect  .   (no cloak)
rCorr    .         Harm     .   r - +0 pair of gloves
MR       .....                  x - +0 pair of boots
Stlth    +.........             m - amulet of faith
HPRegen  0.22/turn              v - ring of see invisible
MPRegen  0.12/turn              M - +5 ring of strength

@: berserk cooldown
A: antennae 2, hooves 1, rugged brown scales 1, agile 1, fire resistance 1,
frail 1, high mp 1, nightstalker 2, strong 1, rot immunity
a: Berserk, Burn Spellbooks, Renounce Religion


You were on level 10 of the Dungeon.
You worshipped Trog.
Trog was aware of your devotion.
You were very hungry.

You visited 2 branches of the dungeon, and saw 11 of its levels.

You collected 501 gold pieces.

Inventory:

Hand Weapons
 a - a +0 flail
 h - a +1 antimagic dagger
 i - the +0 rapier of the Trees {flame, -Tele rF++ Int+2 SInv}
   (You found it on level 2 of the Dungeon)

   It has been specially enchanted to burn those struck by it, causing extra
   injury to most foes and up to half again as much damage against particularly
   susceptible opponents.
   It affects your intelligence (+2).
   It greatly protects you from fire.
   It lets you see invisible.
   It prevents most forms of teleportation.
 j - a +0 morningstar
 q - a +0 dagger of electrocution
 s - a +2 mace of crushing
 t - a +3 flail of crushing (weapon)
Missiles
 l - 339 stones
 z - a poisoned javelin (quivered)
Armour
 b - a +0 scale mail
 c - a +0 shield
 d - a +0 helmet
 e - a +0 chain mail (worn)
 n - a +0 troll leather armour
 r - a +0 pair of gloves (worn)
 x - a +0 pair of boots (worn)
 E - a cursed +0 buckler (worn)
 F - a +0 plate armour
Jewellery
 m - an amulet of faith (around neck)
 v - a ring of see invisible (left hand)
 y - a +4 ring of intelligence
 M - a +5 ring of strength (right hand)
Wands
 D - a wand of random effects (25)
 G - a wand of iceblast (8)
 J - a wand of polymorph (11)
Scrolls
 g - 2 scrolls of identify
 k - 2 scrolls of amnesia
 p - 2 scrolls of fog
 w - 2 scrolls of magic mapping
 A - 2 scrolls of teleportation
 K - a scroll of remove curse
 L - a scroll of enchant armour {unknown}
Potions
 o - 6 potions of lignification
 u - a potion of magic
 H - a potion of flight
Comestibles
 f - 9 bread rations
 B - 2 meat rations
 C - 6 royal jellies


   Skills:
 - Level 7.9 Fighting
 + Level 10.3 Maces & Flails
 - Level 7.2 Armour
 - Level 4.0 Shields


You had 9 spell levels left.
You didn't know any spells.

Dungeon Overview and Level Annotations

Branches:
Dungeon (10/15)            Temple (1/1) D:6            Lair (0/6) D:9
    Orc: D:9-12

Altars:
Ashenzari
Cheibriados
Dithmenos
Elyvilon
Fedhas
Gozag
Hepliaklqana
Kikubaaqudgha
Makhleb
Nemelex Xobeh
Okawaru
Qazlal
Ru
Sif Muna
Trog
Uskayaw
Vehumet
Wu Jian
Xom
Yredelemnul
Zin
The Shining One

Shops:
D:9 }

Annotations:
D:10 Dysjunc's ghost, novice DsBe


Innate Abilities, Weirdness & Mutations

You have large cloven feet.
You are partially covered in rugged brown scales. (AC +1, +3% HP)
You are significantly more attuned to the shadows.
You are immune to rotting.
You have a pair of antennae on your head.
You are agile. (Dex +2)
Your flesh is heat resistant. (rF+)
You are frail. (-10% HP)
You have an increased reservoir of magic. (+10% MP)
Your muscles are strong. (Str +2)


Message History

You hit Dysjunc's ghost but do no damage.
Dysjunc's ghost is almost destroyed.
Dysjunc's ghost hits you but does no damage.
The big kobold hits you but does no damage.
You hit Dysjunc's ghost but do no damage.
Dysjunc's ghost is almost destroyed.
Dysjunc's ghost hits you!
* * * LOW HITPOINT WARNING * * *
The big kobold closely misses you.
You miss Dysjunc's ghost.
Dysjunc's ghost is almost destroyed.
Dysjunc's ghost hits you but does no damage.
The big kobold hits you but does no damage.
You closely miss Dysjunc's ghost.
Dysjunc's ghost is almost destroyed.
Dysjunc's ghost hits you!
* * * LOW HITPOINT WARNING * * *
The big kobold hits you with a whip.
You die...
Xom chortles!

####### .. #......
..# #...... ....
########......
....######
#........)....
..........
........W@K....
#...<....
.......(.#######
#........
#.....###.....#
+........ ..#
#..........._.#
#........ ..#
#.....###.....#
#........ ..#
#.......#######
#........ ..+
#.#'###....#
..#######.#...#...##
..........#...#...#


You could see a big kobold and Dysjunc's ghost.

Vanquished Creatures
  A deep elf mage (D:8)
  A komodo dragon (D:9)
  A troll (D:9)
  The ghost of Dysjunc the Cudgeler, an amateur DsGl (D:5)
  A hippogriff (D:10)
  2 wraiths (D:8)
  A yak (D:7)
  A human (D:7)
  Edmund (D:5)
  A porcupine (D:10)
  The ghost of greatstarguy the Skirmisher, an amateur OgBe of Trog (D:4)
  An orc warrior (D:9)
  2 ice beasts
  A sky beast (D:5)
  2 phantoms
  A black bear (D:6)
  3 necrophages
  An ogre (D:7)
  A centaur (D:9)
  A crocodile (D:8)
  3 bullfrogs
  2 elf skeletons (D:8)
  A gnoll sergeant (D:8)
  A water moccasin zombie (D:8)
  5 killer bees
  A troll skeleton (D:8)
  5 wights
  An electric eel (D:6)
  4 crimson imps
  A quasit (D:2)
  2 centaur zombies
  A jelly (D:8)
  An orc wizard (D:9)
  2 orc priests
  A centaur skeleton (D:5)
  4 hounds
  3 human zombies (D:8)
  A bullfrog skeleton (D:5)
  A human skeleton (D:8)
  3 iguanas
  A worker ant (D:6)
  Natasha (twice) (D:2)
  A hound zombie (D:6)
  2 worker ant zombies
  6 gnolls
  9 adders
  A shadow imp (D:9)
  An ooze (D:2)
  An adder zombie (D:7)
  2 adder skeletons
  5 worms
  5 leopard geckos
  12 orcs
  9 giant cockroaches
  10 goblins
  5 hobgoblins
  8 jackals
  6 quokkas
  A ball python (D:3)
  4 bats
  8 frilled lizards
  A jackal skeleton (D:9)
  16 kobolds
  2 leopard gecko skeletons
  7 rats
193 creatures vanquished.

Vanquished Creatures (others)
  A hog (D:7)
  4 plants (D:9)
5 creatures vanquished.

Grand Total: 198 creatures vanquished

Notes
Turn   | Place    | Note
-------+----------+-------------------------------------------
     0 | D:1      | Dysjunc the Demonspawn Fighter began the quest for the Orb.
     0 | D:1      | Reached XP level 1. HP: 18/18 MP: 1/1
    70 | D:1      | Reached skill level 2 in Maces & Flails
   231 | D:1      | Gained mutation: You are immune to rotting. [demonic ancestry]
   231 | D:1      | Reached XP level 2. HP: 22/24 MP: 2/2
   621 | D:2      | Gained mutation: You are slightly more attuned to the shadows. [demonic ancestry]
   621 | D:2      | Reached XP level 3. HP: 24/29 MP: 3/3
  1247 | D:2      | Found a transporter.
  1248 | D:2      | Found a transporter.
  1250 | D:2      | Found a white marble altar of Elyvilon.
  1328 | D:2      | Reached skill level 3 in Maces & Flails
  1328 | D:2      | Reached XP level 4. HP: 31/36 MP: 4/4
  1373 | D:2      | Got a scorched rapier
  1374 | D:2      | Identified the +0 rapier of the Trees {flame, -Tele rF++ Int+2 SInv} (You found it on level 2 of the Dungeon)
  1704 | D:2      | Noticed Natasha
  1709 | D:2      | Killed Natasha
  1762 | D:2      | Found a glowing silver altar of Zin.
  1763 | D:2      | Found a sacrificial altar of Ru.
  1820 | D:2      | Noticed Natasha
  1827 | D:2      | Killed Natasha
  1827 | D:2      | Reached XP level 5. HP: 32/42 MP: 5/5
  1902 | D:2      | Found a glowing golden altar of the Shining One.
  1903 | D:2      | Found a shattered altar of Ashenzari.
  1903 | D:2      | Found an ornate altar of the Wu Jian Council.
  2535 | D:3      | Reached skill level 4 in Maces & Flails
  2897 | D:3      | Found a shadowy altar of Dithmenos.
  3512 | D:4      | Noticed a phantom
  3596 | D:4      | Killed a phantom
  3596 | D:4      | Reached XP level 6. HP: 23/49 MP: 6/6
  3832 | D:4      | Noticed greatstarguy's ghost (amateur OgBe)
  3850 | D:4      | Killed greatstarguy's ghost
  4149 | D:5      | Entered Level 5 of the Dungeon
  4259 | D:5      | Reached skill level 5 in Maces & Flails
  4569 | D:5      | Noticed Dysjunc's ghost (amateur DsGl)
  4787 | D:5      | Killed Dysjunc's ghost
  4787 | D:5      | Reached skill level 5 in Fighting
  4787 | D:5      | Reached XP level 7. HP: 26/56 MP: 7/7
  5360 | D:5      | Reached skill level 6 in Maces & Flails
  5391 | D:5      | Gained mutation: Your flesh is heat resistant. (rF+) [mutagenic meat]
  5392 | D:5      | Gained mutation: You have an increased reservoir of magic. (+10% MP) [mutagenic meat]
  5393 | D:5      | Gained mutation: You are agile. (Dex +2) [mutagenic meat]
  5394 | D:5      | Gained mutation: Your spells are a little harder to cast, but a little more powerful. [mutagenic meat]
  5557 | D:5      | Reached skill level 5 in Armour
  5557 | D:5      | Gained mutation: You are partially covered in rugged brown scales. (AC +1, +3% HP) [demonic ancestry]
  5557 | D:5      | Reached XP level 8. HP: 51/64 MP: 8/8
  5739 | D:5      | Noticed Edmund
  5958 | D:5      | Killed Edmund
  6194 | D:6      | Reached skill level 7 in Maces & Flails
  6259 | D:6      | Found a white marble altar of Elyvilon.
  6346 | D:6      | Found a staircase to the Ecumenical Temple.
  6358 | Temple   | Entered the Ecumenical Temple
  6707 | Temple   | Became a worshipper of Xom of Chaos
  6711 | Temple   | XOM: harmless Tmut miscast
  6901 | D:6      | XOM: harmless Pois miscast
  7185 | D:7      | XOM: harmless Summ miscast
  7262 | D:7      | XOM: medium Hex miscast
  7297 | D:7      | XOM: harmless Tmut miscast
  7379 | D:7      | Found a stormy altar of Qazlal.
  7436 | D:7      | XOM: noise
  7890 | D:7      | XOM: mild Summ miscast
  7898 | D:7      | XOM: polymorph hog -> fire bat
  7901 | D:7      | Gained mutation: You are significantly more attuned to the shadows. [demonic ancestry]
  7901 | D:7      | Reached XP level 9. HP: 61/73 MP: 9/9
  7901 | D:7      | XOM: enchant monster (bad)
  7901 | D:7      | XOM: smoke on damage
  7904 | D:7      | XOM: summons friendly iron imp
  7906 | D:7      | XOM: scenery: create altars
  7907 | D:7      | XOM: summons friendly white imp
  7910 | D:7      | XOM: scenery: create altars
  7926 | D:7      | XOM: divine lightning
  7937 | D:7      | XOM: cleaving
  7950 | D:7      | Reached skill level 8 in Maces & Flails
  8318 | D:7      | XOM: mild Tmut miscast
  8408 | D:8      | XOM: stealth player
  8523 | D:8      | Found a glowing golden altar of the Shining One.
  8658 | D:8      | XOM: noise
  9017 | D:8      | Noticed a deep elf mage
  9019 | D:8      | XOM: divination: detect creatures
  9029 | D:8      | XOM: summons friendly shadow imp
  9037 | D:8      | Killed a deep elf mage
  9059 | D:8      | XOM: divination: magic mapping
  9292 | D:8      | XOM: 3-stop teleportation journey
  9343 | D:8      | Found a bloodstained altar of Trog.
  9363 | D:8      | XOM: give mutations
  9363 | D:8      | Gained mutation: You have sharp toenails. [Xom's grace]
  9363 | D:8      | Gained mutation: You have a pair of small antennae on your head. [Xom's grace]
  9363 | D:8      | Gained mutation: You have razor-sharp toenails. [Xom's grace]
  9383 | D:8      | Fell from the grace of Xom
  9383 | D:8      | Became a worshipper of Trog the Wrathful
  9449 | D:8      | Reached skill level 9 in Maces & Flails
  9467 | D:8      | Found an ancient bone altar of Kikubaaqudgha.
  9647 | D:8      | XOM: god gift: weird jewelled staff {god gift}
  9901 | D:9      | Lost mutation: You have razor-sharp toenails. [demonic ancestry]
  9901 | D:9      | Lost mutation: You have sharp toenails. [demonic ancestry]
  9901 | D:9      | Gained mutation: You have large cloven feet. [demonic ancestry]
  9901 | D:9      | Reached XP level 10. HP: 75/82 MP: 11/11
  9986 | D:9      | XOM: give mutations
  9986 | D:9      | Gained mutation: Armour fits poorly on your strangely shaped body. [Xom's mischief]
  9986 | D:9      | Lost mutation: Your spells are a little harder to cast, but a little more powerful. [Xom's mischief]
  9986 | D:9      | Gained mutation: You are frail. (-10% HP) [Xom's mischief]
  9986 | D:9      | Gained mutation: You are dopey. (Int -2) [Xom's mischief]
 10041 | D:9      | Found Reaskiv's Gadget Emporium.
 10119 | D:9      | Lost mutation: Armour fits poorly on your strangely shaped body. [potion of mutation]
 10119 | D:9      | Lost mutation: You are dopey. (Int -2) [potion of mutation]
 10119 | D:9      | Gained mutation: You have a pair of antennae on your head. [potion of mutation]
 10119 | D:9      | Gained mutation: Your muscles are strong. (Str +2) [potion of mutation]
 10345 | D:9      | Reached * piety under Trog
 10358 | D:9      | Found a staircase to the Lair.
 10376 | D:9      | HP: 1/74 [komodo dragon (26)]
 10804 | D:9      | XOM: medium Tmut miscast
 11483 | D:10     | XOM: noise
 11483 | D:10     | Entered Level 10 of the Dungeon
 11613 | D:9      | Reached skill level 10 in Maces & Flails
 11938 | D:10     | Found a bloodstained altar of Trog.
 11950 | D:10     | Noticed Dysjunc's ghost (novice DsBe)
 11989 | D:10     | HP: 2/74 [Dysjunc's ghost (11)]
 11989 | D:10     | Slain by a big kobold

Vault maps used:
D:1:      lightli_arrival_farm
D:2:      gammafunk_temple_overflow_arena, nicolae_overflow_hidden_temple,
          first_bread, amethyst_killhole, st_stairs_13, uniq_natasha
D:3:      nicolae_dithmenos_through_a_glass_darkly, minmay_misc_feat_iff
D:4:      wad_lake_hut
D:5:      uniq_edmund
D:6:      cheibrodos_helix_gallery, minmay_temple_entry_mist, elyvilon_altar_5
D:7:      grunt_qazlal_sundering, grunt_livestock
D:8:      minmay_the_grid_triangle_9x9_rhombus_full,
          lemuel_mausoleum_altar_kikubaaqudgha, kennysheep_mini_moat, tso_altar
D:9:      david_lair_shrubbed, serial_shops, nicolae_shop_behind_doors
D:10:     trog_book, uniq_grum
Temple:   minmay_temple_bridge_abc

Skill      XL: |  1  2  3  4  5  6  7  8  9 10 |
---------------+-------------------------------+-----
Maces & Flails | 2 3 4 5 6 7 9 10 | 10.3
Armour         | 3 4 5 6 7 |  7.2
Fighting       | 4 5 6 7 |  7.9
Shields        | 4 |  4.0

Action                   |  1- 3 |  4- 6 |  7- 9 | 10-12 || total
-------------------------+-------+-------+-------+-------++-------
Melee: Flail             |   149 |     5 |   289 |   142 ||   585
       Dagger            |       |    71 |       |       ||    71
       Rapier            |       |     1 |       |       ||     1
       Mace              |       |   108 |   113 |       ||   221
       Kick              |       |       |    36 |    12 ||    48
Throw: Stone             |     1 |     1 |     1 |       ||     3
       Javelin           |       |       |     3 |     4 ||     7
Invok: Burn Spellbooks   |       |       |       |     1 ||     1
       Berserk           |       |       |       |     1 ||     1
Evoke: Wand              |       |       |       |     4 ||     4
  Use: Potion            |     4 |     5 |     4 |     4 ||    17
       Scroll            |     4 |     3 |     7 |     4 ||    18
 Stab: Invisible         |       |     2 |       |       ||     2
       Sleeping          |       |     1 |     1 |       ||     2
  Eat: Chunk             |     2 |     8 |    16 |     2 ||    28
       Fruit             |       |     3 |     1 |       ||     4
       Bread ration      |       |       |     1 |       ||     1
       Meat ration       |       |       |       |     1 ||     1
Armor: Scale mail        |    90 |    58 |    39 |       ||   187
       Skin              |       |     5 |       |    42 ||    47
       Chain mail        |       |       |   184 |    64 ||   248
Dodge: Dodged            |    66 |    43 |    71 |    30 ||   210
Block: Shield            |    83 |    75 |   177 |     4 ||   339
       Buckler           |       |       |       |    22 ||    22

Table legend:
 A = Spawn XP
 B = Non-spawn XP
 C = Spawn XP percentage of total XP
 D = Spawn monster count
 E = Non-spawn monster count
 F = Spawn count percentage of total count
 G = Total turns spent on level
                    A         B        C        D         E        F      G
               +---------+---------+-------+---------+---------+-------+---------
         Total |       0 |    7584 |   0.0 |       0 |     193 |   0.0 | 11989
               +---------+---------+-------+---------+---------+-------+---------
           D:1 |       0 |      44 |   0.0 |       0 |      29 |   0.0 |   835
           D:2 |       0 |     176 |   0.0 |       0 |      21 |   0.0 |  1254
           D:3 |       0 |     102 |   0.0 |       0 |      28 |   0.0 |   971
           D:4 |       0 |     299 |   0.0 |       0 |      10 |   0.0 |  1467
           D:5 |       0 |     989 |   0.0 |       0 |      14 |   0.0 |  1545
           D:6 |       0 |     776 |   0.0 |       0 |      17 |   0.0 |   772
           D:7 |       0 |     702 |   0.0 |       0 |      10 |   0.0 |  1361
           D:8 |       0 |    2345 |   0.0 |       0 |      31 |   0.0 |  1476
           D:9 |       0 |    1504 |   0.0 |       0 |      23 |   0.0 |  1718
          D:10 |       0 |     647 |   0.0 |       0 |      10 |   0.0 |   387
               +---------+---------+-------+---------+---------+-------+---------
